AoeStats
← YooLu

Arena

504448776Analyzed
4v4 RM · 27d ago on Sep 5, 2026· 49m 58s· 8 players
Game mode
Random Map
Map size
Large (8 player)
Population
200
Speed
Normal
Resources
Standard
Victory
Conquest
Starting age
Dark Age
Ending age
Imperial Age
RankedLock teamsTeams togetherTeam positionsShared explorationLock speedFull tech treeHidden civsTurbo modeCheats
Victory
Defeat
🇬🇧 Hindustanis · United Kingdom
1162
+13
🇪🇸 Spanish · Spain
1144
+14
🇷🇺 Persians · Russia
1140
+14
🇨🇴 Bengalis · Colombia
1101
+17
🇹🇼 Burgundians · Taiwan
1247
-19
🇹🇼 Britons · Taiwan
1108
-15
🇹🇼 Wei · Taiwan
1107
-32
🇹🇼 Persians · Taiwan
952
-30
xxxx
10:14 Feudal Age
14:32 Castle Age
13:33 Double-Bit Axe
13:35 Horse Collar
15:07 Heavy Plow
17:31 Loom
23:02 Bow Saw
25:00 Wheelbarrow
25:08 Stone Mining
25:09 Gold Mining
28:33 Imperial Age
26:18 Hand Cart
27:46 Stone Shaft Mining
27:51 Gold Shaft Mining
28:13 Scale Barding Armor
28:20 Forging
29:57 Two-Man Saw
29:31 Crop Rotation
29:45 Elite War Elephant
31:48 Iron Casting
31:51 Chain Barding Armor
32:30 Bloodlines
32:21 Husbandry
33:10 Conscription
33:12 Guilds
34:40 Blast Furnace
34:16 Plate Barding Armor
35:54 Scale Mail Armor
42:11 Fletching
42:21 Padded Archer Armor
42:37 Chain Mail Armor
49:13 Plate Mail Armor
48:58 Leather Archer Armor
48:39 Bodkin Arrow
Ultimate_Boredom
11:38 Feudal Age
12:08 Horse Collar
12:33 Double-Bit Axe
13:55 Loom
17:00 Castle Age
18:52 Bow Saw
18:43 Heavy Plow
18:50 Gold Mining
19:25 Stone Mining
20:45 Wheelbarrow
21:24 Fortified Wall
21:02 Town Watch
27:43 Imperial Age
25:29 Hand Cart
26:19 Gold Shaft Mining
27:15 Town Patrol
27:58 Stone Shaft Mining
28:05 Scale Barding Armor
28:36 Forging
29:12 Grand Trunk Road
29:33 Conscription
30:39 Chemistry
30:01 Chain Barding Armor
29:37 Heavy Camel Rider
30:44 Bloodlines
30:45 Husbandry
31:22 Plate Barding Armor
32:17 Iron Casting
31:07 Imperial Camel Rider
33:30 Masonry
35:08 Blast Furnace
(。> Maryna <。)
11:29 Feudal Age
18:32 Castle Age
18:10 Stone Mining
18:20 Gold Mining
18:18 Double-Bit Axe
18:31 Fletching
18:41 Padded Archer Armor
18:48 Loom
20:39 Horse Collar
21:14 Bow Saw
25:15 Stone Shaft Mining
26:50 Leather Archer Armor
28:44 Bodkin Arrow
tacos4life198
12:01 Feudal Age
13:47 Loom
16:02 Castle Age
15:31 Double-Bit Axe
19:46 Wheelbarrow
20:11 Bow Saw
21:27 Gold Mining
23:06 Hand Cart
27:24 Padded Archer Armor
27:16 Fletching
27:59 Stone Mining
31:04 Imperial Age
29:14 Ballistics
29:34 Gold Shaft Mining
31:10 Elite Elephant Archer
33:56 Bloodlines
33:47 Husbandry
33:45 Bodkin Arrow
34:06 Leather Archer Armor
34:11 Paiks
35:46 Chemistry
41:22 Two-Man Saw
41:04 Conscription
42:13 Bracer
42:43 Ring Archer Armor
46:38 Mahayana
46:12 Horse Collar
48:19 Guilds
49:24 Scale Barding Armor
49:29 Forging
48:43 Light Cavalry
謙謙謙謙謙
9:45 Feudal Age
10:13 Double-Bit Axe
10:09 Horse Collar
10:20 Gold Mining
16:50 Castle Age
15:58 Fletching
17:51 Bow Saw
17:45 Heavy Plow
18:25 Gold Shaft Mining
17:50 Bodkin Arrow
21:37 Wheelbarrow
25:28 Imperial Age
24:08 Ballistics
25:07 Bloodlines
24:57 Husbandry
26:12 Bracer
27:42 Chemistry
27:42 Parthian Tactics
29:23 Padded Archer Armor
29:53 Thumb Ring
37:18 Stone Mining
40:50 Stone Shaft Mining
40:34 Leather Archer Armor
40:25 Scale Barding Armor
40:31 Forging
40:56 Hand Cart
40:37 Loom
44:23 Ring Archer Armor
44:47 Conscription
44:32 Tuntian
44:59 Ming Guang Armor
46:04 Chain Barding Armor
46:20 Iron Casting
45:40 Elite Tiger Cavalry
超級肥羊
3:41 Double-Bit Axe
10:49 Feudal Age
14:35 Castle Age
14:11 Bow Saw
13:43 Horse Collar
14:33 Heavy Plow
17:11 Loom
20:56 Wheelbarrow
20:53 Gold Mining
22:45 Gold Shaft Mining
24:42 Two-Man Saw
24:14 Crop Rotation
23:38 Stone Mining
24:20 Hand Cart
24:41 Cavalier
25:22 Husbandry
25:34 Forging
25:29 Scale Barding Armor
27:05 Iron Casting
27:21 Chain Barding Armor
28:46 Stone Shaft Mining
33:13 Imperial Age
33:36 Capped Ram
35:37 Chemistry
35:17 Plate Barding Armor
35:42 Blast Furnace
34:25 Paladin
39:33 Scale Mail Armor
38:57 Pikeman
39:37 Squires
39:23 Arson
39:43 Halberdier
41:21 Conscription
40:32 Flemish Revolution
41:11 Burgundian Vineyards
41:48 Chain Mail Armor
43:54 Plate Mail Armor
YooLu
11:02 Feudal Age
9:18 Loom
15:12 Castle Age
13:25 Double-Bit Axe
14:51 Horse Collar
17:01 Bow Saw
22:13 Wheelbarrow
21:49 Heavy Plow
22:22 Fervor
23:26 Gold Mining
24:09 Stone Mining
27:46 Imperial Age
25:55 Fletching
26:07 Padded Archer Armor
25:54 Pikeman
26:35 Squires
28:25 Bodkin Arrow
28:41 Forging
28:31 Scale Mail Armor
27:55 Halberdier
29:02 Crossbowman
31:14 Two-Man Saw
29:52 Arbalester
31:42 Chemistry
32:55 Ballistics
33:08 Leather Archer Armor
32:53 Bracer
34:13 Conscription
33:51 Elite Longbowman
35:13 Iron Casting
34:53 Chain Mail Armor
34:37 Treadmill Crane
35:04 Bracer
37:48 Blast Furnace
37:04 Chain Mail Armor
40:35 Plate Mail Armor
shagods
6:13 Loom
9:34 Feudal Age
11:27 Double-Bit Axe
17:40 Castle Age
16:41 Wheelbarrow
19:27 Bow Saw
19:28 Scale Barding Armor
19:29 Scale Mail Armor
20:30 Gold Mining
22:56 Bloodlines
22:47 Husbandry
23:17 Horse Collar
27:04 Heavy Plow
28:52 Stone Mining
29:38 Gold Shaft Mining
30:16 Chain Barding Armor
30:07 Forging
37:11 Imperial Age
37:16 Cavalier
38:37 Plate Barding Armor
38:38 Iron Casting
40:08 Pikeman
40:51 Squires
40:57 Savar
42:03 Halberdier
44:31 Hand Cart
44:49 Chain Mail Armor
44:35 Padded Archer Armor
45:38 Blast Furnace
46:24 Plate Mail Armor
Connection lost

Rejoining the realm…

Still unreachable

The connection could not be restored.

Session expired

The server has moved on; the page needs a fresh start.